 Dungeon Crawl Stone Soup version 0.28.0-47-ge53b351184 (webtiles) character file.

Game seed: 11040718795195724040

95 nickcage the Magician (level 4, 0/24 HPs)
             Began as a Deep Elf Air Elementalist on May 9, 2022.
             Slain by a gnoll
             ... wielding a +0 halberd
              (1 damage)
             ... on level 3 of the Dungeon.
             The game lasted 00:06:10 (2341 turns).

nickcage the Magician (Deep Elf Air Elementalist)   Turns: 2341, Time: 00:06:11

Health: 0/24       AC:  2    Str:  5    XL:     4   Next: 39%
Magic:  3/12       EV:  6    Int: 22    God:
Gold:   114        SH:  0    Dex: 15    Spells: 6/12 levels left

rFire   . . .      SeeInvis .   b - +0 dagger
rCold   . . .      Faith    .   (no shield)
rNeg    . . .      Spirit   .   a - +0 robe
rPois   .          Reflect  .   (no helmet)
rElec   .          Harm     .   (no cloak)
rCorr   .          Rampage  .   (no gloves)
Will    .....                   (no boots)
Stlth   ++........              (no amulet)
HPRegen 0.08/turn               (no ring)
MPRegen 0.13/turn               (no ring)

@: held
A: no striking features
a: no special abilities


You were on level 3 of the Dungeon.
You visited 1 branch of the dungeon, and saw 3 of its levels.

You collected 114 gold pieces.

Inventory:

Hand Weapons
 b - a +0 dagger (weapon)
Armour
 a - a +0 robe (worn)
Scrolls
 d - 2 scrolls of amnesia {unknown}
 e - 3 scrolls of magic mapping {unknown}
 g - a scroll of summoning {unknown}
 h - a scroll of immolation {unknown}
 i - a scroll of fog {unknown}
 j - a scroll of noise {unknown}
 k - a scroll of silence {unknown}
 l - a scroll of teleportation {unknown}
Potions
 c - a potion of magic {unknown}
 f - 2 potions of curing {unknown}


   Skills:
 - Level 2.4 Dodging
 - Level 2.4 Stealth
 + Level 4.5 Spellcasting
 - Level 2.0 Conjurations
 * Level 4.2 Air Magic


You had 6 spell levels left.
You knew the following spells:

 Your Spells              Type           Power      Damage    Failure   Level
a - Shock                 Conj/Air       72%        1d7       3%          1
b - Static Discharge      Conj/Air       18%        N/A       4%          2
c - Swiftness             Air            23%        N/A       5%          3

Your spell library contained the following spells:

 Spells                   Type           Power      Damage    Failure   Level
 Animate Skeleton         Necr           8%         N/A       11%         1
 Pain                     Necr           16%        1d4       11%         1
 Airstrike                Air            11%        N/A       19%         4
 Chain Lightning          Conj/Air       9%         3d12      100%        9
 Death's Door             Necr           2%         N/A       100%        9


Dungeon Overview and Level Annotations

Branches:
Dungeon (3/15)

Altars:

Shops:
D:1 [


Message History

Aiming: Shock (safe; 3% risk of failure)
Press: ? - help, Q - select action, (/) - cycle Shift-Dir - straight line The zap hits the gnoll.
The gnoll is heavily wounded.
The zap hits the gnoll.
The gnoll is almost dead.
The gnoll hits you from afar with a +0 halberd.
* * * LOW HITPOINT WARNING * * *
The gnoll hits you with a +0 club.
* * * LOW HITPOINT WARNING * * *
Aiming: Shock (safe; 3% risk of failure)
Press: ? - help, Q - select action, (/) - cycle Shift-Dir - straight line The zap hits the gnoll.
You kill the gnoll!
The gnoll barely misses you.
Aiming: Shock (safe; 3% risk of failure)
Press: ? - help, Q - select action, (/) - cycle Shift-Dir - straight line, f - gnoll
Aim: a gnoll, wielding a +0 halberd and quivering a throwing net (75% to hit)
The zap hits the gnoll.
The gnoll is lightly wounded.
The gnoll closely misses you.
Aiming: Shock (safe; 3% risk of failure)
Press: ? - help, Q - select action, (/) - cycle Shift-Dir - straight line, f/p - gnoll
Aim: a gnoll, wielding a +0 halberd and quivering a throwing net (lightly wounded, 75% to hit)
The zap hits the gnoll.
The gnoll is moderately wounded.
The zap hits the gnoll.
The gnoll is heavily wounded.
The gnoll hits you from afar with a +0 halberd.
* * * LOW HITPOINT WARNING * * *
Aiming: Shock (safe; 3% risk of failure)
Press: ? - help, Q - select action, (/) - cycle Shift-Dir - straight line, f/p - gnoll
Aim: a gnoll, wielding a +0 halberd and quivering a throwing net (moderately wounded, 75% to hit)
The zap hits the gnoll.
The gnoll is severely wounded.
The gnoll hits you from afar with a +0 halberd.
You die...

#........
.......
...... ....
.g. # #
#g###.#
#>#..$..##
#..<@....#
#.)......#
##.......#
#.......#
#.......#
#.........
#........≈.
#######..≈.


You could see 2 gnolls.

Vanquished Creatures
  3 gnolls
  An adder (D:2)
  A dart slug (D:2)
  4 bats
  3 endoplasms (D:1)
  2 giant cockroaches (D:1)
  6 goblins
  4 hobgoblins
  4 jackals
  4 quokkas
  5 ball pythons
  3 frilled lizards
  10 kobolds
  3 rats
53 creatures vanquished.

Vanquished Creatures (others)
  2 plants (D:3)
2 creatures vanquished.

Grand Total: 55 creatures vanquished

Notes
Turn   | Place    | Note
-------+----------+-------------------------------------------
     0 | D:1      | nickcage the Deep Elf Air Elementalist began the quest for
                  | the Orb.
     0 | D:1      | Reached XP level 1. HP: 10/10 MP: 6/6
    26 | D:1      | Found Seatoept's Antique Armour Shop.
   220 | D:1      | Reached XP level 2. HP: 15/15 MP: 2/8
   696 | D:1      | Found a faded altar of an unknown god.
  1040 | D:1      | Reached XP level 3. HP: 19/19 MP: 8/10
  1043 | D:1      | Learned a level 2 spell: Static Discharge
  1047 | D:1      | Learned a level 3 spell: Swiftness
  1503 | D:2      | Got the Handbook of Weightlessness and Necromancy
  2105 | D:2      | Reached XP level 4. HP: 10/24 MP: 6/12
  2337 | D:3      | HP: 1/24 [gnoll/+0 club (3)]
  2341 | D:3      | Slain by a gnoll

Illustrated notes

Levels and vault maps discovered:
D:1:      lordsloth_arrival_two_stooges, layout_loops_ring,
          shapermc_ecumenical_altar_mp_highgroup, serial_shops,
          nicolae_shop_waterfront
D:2:      layout_rooms
D:3:      layout_basic, mainiacjoe_overflow_brackets,
          mainiacjoe_overflow_cross_hatched, serial_bayou_ford_a, uniq_ijyb

Skill      XL: |  1  2  3 |
---------------+----------+-----
Spellcasting   | 4 |  4.5
Conjurations   | 2 |  2.0
Air Magic      | 4 |  4.2
Dodging        | |  2.4
Stealth        | |  2.4

Action                   |  1- 3 |  4- 6 || total
-------------------------+-------+-------++-------
 Cast: Shock             |   105 |     8 ||   113
       Static Discharge  |       |     1 ||     1
Armor: Robe              |     4 |     1 ||     5
Dodge: Dodged            |     6 |     2 ||     8
